PBL
SOUTHERN MARYLAND BLUE CRABS @ PARIS CUBS
08/25/2044
 
TOP OF THE 1ST
Southern Maryland Blue Crabs batting - Pitching for Paris Cubs : RHP Nicolai Volnov
Pitching: RHP Nicolai Volnov
Batting: RHB Danny Baeza 0-0: Swinging Strike
0-1: Ball
1-1: Ball
2-1: Foul Ball, location: 2F
2-2: Foul Ball, location: 2F
2-2: Fly out, F8 (Flyball, 89M, EV 91.9 MPH)
Batting: LHB Ralph Braine 0-0: Foul Ball, location: 2F
0-1: Fly out, F7 (Flyball, 7, EV 88.1 MPH)
Batting: RHB Steve Jones 0-0: Ball
1-0: Ball
2-0: Ball
3-0: Base on Balls
Batting: LHB Justin Moore 0-0: Ball
1-0: Called Strike
1-1: Called Strike
1-2: Strikes out swinging
Top of the 1st over - 0 runs, 0 hits, 0 errors, 1 left on base; Southern Maryland 0 - Paris 0
BOTTOM OF THE 1ST
Paris Cubs batting - Pitching for Southern Maryland Blue Crabs : RHP Chris McCurdy
Pitching: RHP Chris McCurdy
Batting: RHB Du Kim 0-0: SINGLE (Line Drive, 9S, EV 95.6 MPH)
Batting: RHB Puluke Konane 0-0: Ball
1-0: Ball
2-0: Ball
3-0: Foul Ball, location: 2F
3-1: Foul Ball, location: 2F
3-2: Foul Ball, location: 2F
3-2: Strikes out swinging
Du Kim steals 2nd base
Batter strikes out.
Batting: RHB Brad Santanello 0-0: Fly out, F3 (Popup, 34, EV 75.6 MPH)
Batting: LHB Emir Jalil 0-0: Ball
1-0: Called Strike
1-1: Called Strike
1-2: Strikes out swinging
Bottom of the 1st over - 0 runs, 1 hit, 0 errors, 1 left on base; Southern Maryland 0 - Paris 0
TOP OF THE 2ND
Southern Maryland Blue Crabs batting - Pitching for Paris Cubs : RHP Nicolai Volnov
Batting: RHB Tony Godley 0-0: Fly out, F7 (Flyball, 7LS, EV 71.3 MPH)
Batting: RHB Honório Szenes 0-0: Called Strike
0-1: Ground out 2-3 (Groundball, 15S, EV 67.5 MPH)
Batting: LHB Adam Oldfield 0-0: Ball
1-0: Ball
2-0: Foul Ball, location: 2F
2-1: Called Strike
2-2: Ball
3-2: Fly out, F8 (Flyball, 78XD, EV 88.1 MPH)
Top of the 2nd over - 0 runs, 0 hits, 0 errors, 0 left on base; Southern Maryland 0 - Paris 0
BOTTOM OF THE 2ND
Paris Cubs batting - Pitching for Southern Maryland Blue Crabs : RHP Chris McCurdy
Batting: RHB Ricardo Aguinaga 0-0: Called Strike
0-1: Ball
1-1: Ball
2-1: Called Strike
2-2: Foul Ball, location: 2F
2-2: Ground out 6-3 (Groundball, 56, EV 83.8 MPH)
Batting: RHB Khalil Stephens 0-0: Called Strike
0-1: Fly out, F8 (Flyball, 8RM, EV 94.4 MPH)
Batting: LHB Hiroki Yamamoto 0-0: Called Strike
0-1: Fly out, F4 (Flyball, 34D, EV 88.1 MPH)
Bottom of the 2nd over - 0 runs, 0 hits, 0 errors, 0 left on base; Southern Maryland 0 - Paris 0
TOP OF THE 3RD
Southern Maryland Blue Crabs batting - Pitching for Paris Cubs : RHP Nicolai Volnov
Batting: RHB Mike Pitts 0-0: Ball
1-0: Called Strike
1-1: SOLO HOME RUN (Flyball, 78XD, EV 114.4 MPH), Distance : 436 ft
Batting: RHB Matt Berrier 0-0: Ball
1-0: Ball
2-0: Foul Ball, location: 2F
2-1: Called Strike
2-2: Foul Ball, location: 2F
2-2: Strikes out swinging, 2-3 out at first.
Batting: RHB Danny Baeza 0-0: Ball
1-0: Called Strike
1-1: SINGLE (Flyball, 9LS, EV 91.9 MPH)
Batting: LHB Ralph Braine 0-0: Called Strike
0-1: Ball
1-1: Swinging Strike
1-2: SINGLE (Line Drive, 78S, EV 101.9 MPH)
Danny Baeza to second
Runner from 2nd tries for 3rd, SAFE, throw by LF made to third
Batting: RHB Steve Jones 0-0: Ball
1-0: Called Strike
1-1: Ball
2-1: SINGLE (Flyball, 89S, EV 92.5 MPH)
Danny Baeza scores
Ralph Braine to second
Batting: LHB Justin Moore 0-0: Called Strike
Ralph Braine steals 3rd base (no throw)
Steve Jones to second
0-1: Ball
1-1: Ball
2-1: Called Strike
2-2: Ball
3-2: Strikes out swinging
Batting: RHB Tony Godley 0-0: Called Strike
0-1: Swinging Strike
0-2: DOUBLE (Flyball, 89XD, EV 91.9 MPH)
Ralph Braine scores
Steve Jones scores
Batting: RHB Honório Szenes 0-0: Called Strike
0-1: Ball
1-1: Ball
2-1: Ball
3-1: Base on Balls
Batting: LHB Adam Oldfield 0-0: DOUBLE (Flyball, 8LXD, EV 96.9 MPH)
Tony Godley scores
Honório Szenes to third
Runner from 3rd tries for Home, SAFE, no throw by CF
Batting: RHB Mike Pitts 0-0: Foul Ball, location: 2F
0-1: SINGLE (Line Drive, 56D, EV 99.4 MPH)
Adam Oldfield to third
Runner from 3rd tries for Home, SAFE, throw by LF to home
Pitching: LHP Jose Urena
Batting: RHB Matt Berrier 0-0: Ball
1-0: Foul Ball, location: 2F
1-1: Fly out, F8 (Flyball, 8RD, EV 80.6 MPH)
Top of the 3rd over - 7 runs, 7 hits, 0 errors, 1 left on base; Southern Maryland 7 - Paris 0
BOTTOM OF THE 3RD
Paris Cubs batting - Pitching for Southern Maryland Blue Crabs : RHP Chris McCurdy
Batting: RHB Denis Rachin 0-0: Ball
1-0: Foul Ball, location: 2F
1-1: Ball
2-1: SINGLE (Line Drive, 8LS, EV 99.4 MPH)
Batting: RHB Alvaro Romero 0-0: Foul Ball, location: 2F
0-1: Swinging Strike
0-2: Ball
1-2: Ball
2-2: Ball
3-2: Foul Ball, location: 2F
3-2: Strikes out swinging
Batting: RHB Du Kim 0-0: Ground out 6-3 (Groundball, 6M, EV 111.3 MPH)
Denis Rachin to second
Batting: RHB Puluke Konane 0-0: Ball
1-0: Ball
2-0: Ground out 6-3 (Groundball, 6, EV 104.4 MPH)
Bottom of the 3rd over - 0 runs, 1 hit, 0 errors, 1 left on base; Southern Maryland 7 - Paris 0
TOP OF THE 4TH
Southern Maryland Blue Crabs batting - Pitching for Paris Cubs : LHP Jose Urena
Batting: RHB Danny Baeza 0-0: Ground out 4-3 (Groundball, 4, EV 101.9 MPH)
Batting: LHB Ralph Braine 0-0: Called Strike
0-1: SINGLE (Groundball, 6D, EV 100.0 MPH)
Batting: RHB Steve Jones 0-0: Called Strike
0-1: Ball
1-1: Ball
2-1: Foul Ball, location: 2F
2-2: Ball
3-2: Foul Ball, location: 2F
3-2: Ground out 4-3 (Groundball, 4, EV 100.0 MPH)
Ralph Braine to second
Batting: LHB Justin Moore 0-0: Foul Ball, location: 2F
0-1: Foul Ball, location: 2F
0-2: Ball
1-2: Strikes out swinging, 2-3 out at first.
Top of the 4th over - 0 runs, 1 hit, 0 errors, 1 left on base; Southern Maryland 7 - Paris 0
BOTTOM OF THE 4TH
Paris Cubs batting - Pitching for Southern Maryland Blue Crabs : RHP Chris McCurdy
Batting: RHB Brad Santanello 0-0: Ball
1-0: Ball
2-0: Foul Ball, location: 2F
2-1: SINGLE (Line Drive, 78M, EV 91.9 MPH)
Batting: LHB Emir Jalil 0-0: Called Strike
0-1: Ball
1-1: Fly out, F7 (Flyball, 7D, EV 98.8 MPH)
Batting: RHB Ricardo Aguinaga 0-0: Called Strike
0-1: Called Strike
0-2: Single, Error in OF, E7, batter to second base (Groundball, 56D, EV 100.0 MPH)
Brad Santanello to third
Batting: RHB Khalil Stephens 0-0: Ball
1-0: Ball
2-0: Called Strike
2-1: Foul Ball, location: 2F
2-2: Strikes out swinging
Batting: LHB Hiroki Yamamoto 0-0: Ball
1-0: Ball
2-0: Called Strike
2-1: Ball
3-1: Base on Balls
Batting: RHB Denis Rachin 0-0: Ball
1-0: Called Strike
1-1: Ball
2-1: Foul Ball, location: 2F
2-2: Ground out 1-3 (Groundball, 13, EV 67.5 MPH)
Bottom of the 4th over - 0 runs, 2 hits, 1 error, 3 left on base; Southern Maryland 7 - Paris 0
TOP OF THE 5TH
Southern Maryland Blue Crabs batting - Pitching for Paris Cubs : LHP Jose Urena
Batting: RHB Tony Godley 0-0: Called Strike
0-1: Fly out, F9 (Flyball, 9S, EV 91.3 MPH)
Batting: RHB Honório Szenes 0-0: Ball
1-0: Fly out, F7 (Flyball, 7LS, EV 91.3 MPH)
Batting: LHB Adam Oldfield 0-0: Foul Ball, location: 2F
0-1: Ball
1-1: Swinging Strike
1-2: Ball
2-2: Strikes out swinging
Top of the 5th over - 0 runs, 0 hits, 0 errors, 0 left on base; Southern Maryland 7 - Paris 0
BOTTOM OF THE 5TH
Paris Cubs batting - Pitching for Southern Maryland Blue Crabs : RHP Chris McCurdy
Batting: RHB Alvaro Romero 0-0: Swinging Strike
0-1: Ball
1-1: Called Strike
1-2: Ground out 6-3 (Groundball, 6, EV 103.8 MPH)
Batting: RHB Du Kim 0-0: Called Strike
0-1: Ball
1-1: SINGLE (Line Drive, 7LM, EV 101.9 MPH)
Batting: RHB Puluke Konane 0-0: Ball
1-0: Grounds into double play, 5-4-3 (Groundball, 56, EV 91.3 MPH)
Bottom of the 5th over - 0 runs, 1 hit, 0 errors, 0 left on base; Southern Maryland 7 - Paris 0
TOP OF THE 6TH
Southern Maryland Blue Crabs batting - Pitching for Paris Cubs : LHP Jose Urena
Batting: RHB Mike Pitts 0-0: Ground out 6-3 (Groundball, 4M, EV 85.6 MPH)
Batting: RHB Matt Berrier 0-0: Foul Ball, location: 2F
0-1: SINGLE (Flyball, 9LS, EV 100.6 MPH)
Batting: RHB Danny Baeza 0-0: Called Strike
0-1: Foul Ball, location: 2F
0-2: Foul Ball, location: 2F
0-2: Foul Ball, location: 2F
0-2: Ball
1-2: Strikes out looking
Batting: LHB Ralph Braine 0-0: Called Strike
0-1: Ball
1-1: Ball
2-1: Foul Ball, location: 2F
2-2: 2-RUN HOME RUN (Flyball, 9LD, EV 93.8 MPH), Distance : 341 ft
Batting: RHB Steve Jones 0-0: Ball
1-0: SINGLE (Line Drive, 8LS, EV 94.4 MPH)
Batting: LHB Justin Moore 0-0: Ball
1-0: Ball
2-0: SINGLE (Flyball, 78S, EV 86.3 MPH)
Steve Jones to second
Batting: RHB Tony Godley 0-0: Called Strike
0-1: Called Strike
0-2: Ball
1-2: Foul Ball, location: 2F
1-2: Foul Ball, location: 2F
1-2: Ball
2-2: Strikes out swinging
Top of the 6th over - 2 runs, 4 hits, 0 errors, 2 left on base; Southern Maryland 9 - Paris 0
BOTTOM OF THE 6TH
Paris Cubs batting - Pitching for Southern Maryland Blue Crabs : RHP Chris McCurdy
Batting: RHB Brad Santanello 0-0: Ball
1-0: Ball
2-0: Foul Ball, location: 2F
2-1: Ball
3-1: Ground out 5-3 (Groundball, 5S, EV 61.9 MPH)
Batting: LHB Emir Jalil 0-0: Called Strike
0-1: Fly out, F3 (Popup, 34S, EV 77.5 MPH)
Batting: RHB Ricardo Aguinaga 0-0: Called Strike
0-1: Ball
1-1: Ground out 3-1 (Groundball, 34, EV 106.9 MPH)
Bottom of the 6th over - 0 runs, 0 hits, 0 errors, 0 left on base; Southern Maryland 9 - Paris 0
TOP OF THE 7TH
Southern Maryland Blue Crabs batting - Pitching for Paris Cubs : LHP Jose Urena
Batting: RHB Honório Szenes 0-0: Called Strike
0-1: Called Strike
0-2: Ball
1-2: Ball
2-2: Foul Ball, location: 2F
2-2: Strikes out swinging
Batting: LHB Adam Oldfield 0-0: Foul Ball, location: 2F
0-1: Ball
1-1: Called Strike
1-2: Foul Ball, location: 2F
1-2: Ball
2-2: Ball
3-2: Base on Balls
Pitching: RHP Bogdan Sdobnyakov
Batting: RHB Mike Pitts 0-0: Ball
1-0: Called Strike
1-1: Ball
2-1: Foul Ball, location: 2F
2-2: Strikes out swinging
Batting: RHB Matt Berrier 0-0: Ball
1-0: Ball
2-0: Ball
3-0: Called Strike
3-1: Base on Balls
Adam Oldfield to second
Batting: RHB Danny Baeza 0-0: Ball
1-0: Ball
2-0: Ball
3-0: Base on Balls
Adam Oldfield to third
Matt Berrier to second
Pinch Hitting: RHB Danny Ayala 0-0: Called Strike
0-1: Foul Ball, location: 2F
0-2: Ball
1-2: GRAND SLAM HOME RUN (Flyball, 7D, EV 101.3 MPH), Distance : 398 ft
Pinch Hitting: LHB Shane Cruse 0-0: Ball
1-0: Foul Ball, location: 2F
1-1: Swinging Strike
1-2: Foul Ball, location: 2F
1-2: Foul Ball, location: 2F
1-2: Ball
2-2: Ground out U3 (Groundball, 34, EV 96.9 MPH)
Top of the 7th over - 4 runs, 1 hit, 0 errors, 0 left on base; Southern Maryland 13 - Paris 0
BOTTOM OF THE 7TH
Paris Cubs batting - Pitching for Southern Maryland Blue Crabs : RHP Chris McCurdy
Now at C: Danny Ayala
Now in LF: Antonio Gutierrez
Batting: RHB Khalil Stephens 0-0: Called Strike
0-1: Ball
1-1: Foul Ball, location: 2F
1-2: Fly out, F7 (Flyball, 78S, EV 98.1 MPH)
Batting: LHB Hiroki Yamamoto 0-0: Foul Ball, location: 2F
0-1: Ground out 5-3 (Groundball, 56, EV 85.0 MPH)
Batting: RHB Denis Rachin 0-0: Ball
1-0: Called Strike
1-1: Called Strike
1-2: Fly out, F9 (Flyball, 9LS, EV 98.8 MPH)
Bottom of the 7th over - 0 runs, 0 hits, 0 errors, 0 left on base; Southern Maryland 13 - Paris 0
TOP OF THE 8TH
Southern Maryland Blue Crabs batting - Pitching for Paris Cubs : RHP Bogdan Sdobnyakov
Pinch Hitting: RHB Luis Tovar 0-0: Ball
1-0: Swinging Strike
1-1: Foul Ball, location: 2F
1-2: Strikes out swinging
Batting: RHB Tony Godley 0-0: Foul Ball, location: 2F
0-1: Ground out 5-3 (Groundball, 56, EV 89.4 MPH)
Batting: RHB Honório Szenes 0-0: Ball
1-0: Ground out 6-3 (Groundball, 6, EV 85.0 MPH)
Top of the 8th over - 0 runs, 0 hits, 0 errors, 0 left on base; Southern Maryland 13 - Paris 0
BOTTOM OF THE 8TH
Paris Cubs batting - Pitching for Southern Maryland Blue Crabs : RHP Chris McCurdy
Now at 1B: Luis Tovar
Batting: RHB Alvaro Romero 0-0: Called Strike
0-1: Swinging Strike
0-2: Ball
1-2: Ground out 5-3 (Groundball, 56S, EV 76.9 MPH)
Batting: RHB Du Kim 0-0: Called Strike
0-1: Ball
1-1: Fly out, F7 (Line Drive, 7D, EV 91.3 MPH)
Pinch Hitting: RHB Chris Stec 0-0: Ball
1-0: Called Strike
1-1: Ball
2-1: Called Strike
2-2: Strikes out looking
Bottom of the 8th over - 0 runs, 0 hits, 0 errors, 0 left on base; Southern Maryland 13 - Paris 0
TOP OF THE 9TH
Southern Maryland Blue Crabs batting - Pitching for Paris Cubs : RHP Bogdan Sdobnyakov
Now in LF: Gilberto Alvarado
Batting: LHB Adam Oldfield 0-0: DOUBLE (Flyball, 8RXD, EV 96.3 MPH)
Batting: RHB Mike Pitts 0-0: Called Strike
0-1: Swinging Strike
0-2: Ball
1-2: Foul Ball, location: 2F
1-2: SINGLE (Groundball, 56D, EV 98.8 MPH)
Adam Oldfield to third
Batting: RHB Matt Berrier 0-0: Called Strike
0-1: Swinging Strike
0-2: Strikes out swinging
Batting: RHB Danny Baeza 0-0: Swinging Strike
0-1: Ball
1-1: Ball
2-1: Called Strike
2-2: Foul Ball, location: 2F
2-2: Foul Ball, location: 2F
2-2: Ball
3-2: Strikes out swinging
Pinch Hitting: RHB Marquis Major 0-0: Called Strike
0-1: Called Strike
0-2: Strikes out looking
Top of the 9th over - 0 runs, 2 hits, 0 errors, 2 left on base; Southern Maryland 13 - Paris 0
BOTTOM OF THE 9TH
Paris Cubs batting - Pitching for Southern Maryland Blue Crabs : RHP Chris McCurdy
Now at C: Marquis Major
Pinch Hitting: RHB Bill Holmes 0-0: Swinging Strike
0-1: Ground out U3 (Groundball, 34S, EV 69.4 MPH)
Batting: LHB Emir Jalil 0-0: Ball
1-0: Foul Ball, location: 2F
1-1: Foul Ball, location: 2F
1-2: SINGLE (Groundball, 4MD, EV 97.5 MPH)
Batting: RHB Ricardo Aguinaga 0-0: Called Strike
0-1: Swinging Strike
0-2: Strikes out swinging
Batting: RHB Khalil Stephens 0-0: Ball
1-0: Foul Ball, location: 2F
1-1: Ball
2-1: Foul Ball, location: 2F
2-2: Fielders Choice at 2nd, 6-4 (Groundball, 56, EV 85.6 MPH)
Bottom of the 9th over - 0 runs, 1 hit, 0 errors, 1 left on base; Southern Maryland 13 - Paris 0
Thursday, March 31st , 2022 - OOTP Baseball 22.12 Build 89